 Dungeon Crawl Stone Soup version 0.29.1-2-gbd0b4ee654 (webtiles) character file.

Game seed: 6027843413671124239

72 Icepheonix32 the Trooper (level 4, -3/41 HPs)
             Began as a Minotaur Fighter on Oct 27, 2022.
             Slain by a gnoll
             ... wielding a +0 spear
              (6 damage)
             ... on level 2 of the Dungeon.
             The game lasted 00:01:04 (1146 turns).

Icepheonix32 the Trooper (Minotaur Fighter)         Turns: 1146, Time: 00:01:04

Health: -3/41      AC:  8    Str: 27    XL:     4   Next: 6%
Magic:  3/3        EV:  9    Int:  5    God:
Gold:   57         SH:  4    Dex: 11    Spells: 3/3 levels left

rFire   . . .      SeeInvis .   a - +0 war axe
rCold   . . .      Faith    .   c - +0 buckler
rNeg    . . .      Spirit   .   b - +0 scale mail
rPois   .          Reflect  .   (helmet restricted)
rElec   .          Harm     .   g - scarf {+Inv}
rCorr   .          Rampage  .   e - +0 pair of gloves
Will    +....                   (no boots)
Stlth   ..........              (no amulet)
HPRegen 0.13/turn               h - ring of willpower
MPRegen 0.08/turn               i - +6 ring of strength

@: no status effects
A: horns 2, retaliatory headbutt
a: Evoke Invisibility


You were on level 2 of the Dungeon.
You visited 1 branch of the dungeon, and saw 2 of its levels.

You collected 57 gold pieces.

Inventory:

Hand Weapons
 a - a +0 war axe (weapon)
Armour
 b - a +0 scale mail (worn)
 c - a +0 buckler (worn)
 e - a +0 pair of gloves (worn)
 g - a scarf of invisibility (worn)
Jewellery
 h - a ring of willpower (left hand)
 i - a +6 ring of strength (right hand)
 l - an amulet of the acrobat
 m - a ring of wizardry
Scrolls
 f - a scroll of brand weapon {unknown}
 k - a scroll of identify {unknown}
Potions
 d - 2 potions of might
 j - a potion of curing {unknown}


   Skills:
 * Level 4.5 Fighting
 + Level 3.2 Axes
 + Level 4.3 Armour
 + Level 0.2 Dodging
 + Level 4.1 Shields


You had 3 spell levels left.
You didn't know any spells.
Your spell library was empty.

Dungeon Overview and Level Annotations

Branches:
Dungeon (2/15)

Altars:


Innate Abilities, Weirdness & Mutations

You have a pair of horns on your head.
You reflexively headbutt those who attack you in melee.


Message History

You headbutt the gnoll.
You are too injured to fight recklessly!
You are too injured to fight recklessly!
You are too injured to fight recklessly!
You are too injured to fight recklessly!
You are too injured to fight recklessly!
You are too injured to fight recklessly!
You are too injured to fight recklessly!
You are too injured to fight recklessly!
You are too injured to fight recklessly!
You are too injured to fight recklessly!
You are too injured to fight recklessly!
You are too injured to fight recklessly!
You are too injured to fight recklessly!
You are too injured to fight recklessly!
You are too injured to fight recklessly!
Unknown command.
You slash the gnoll!
You kill the gnoll!
The gnoll hits you but does no damage.
The gnoll hits you from afar with a +0 halberd.
Your Axes skill increases to level 3!
You block the gnoll's attack. The gnoll hits you with a +0 spear.
You slash the gnoll!
The gnoll is almost dead.
You slash the gnoll! The gnoll closely misses you.
The gnoll hits you with a +0 spear.
* * * LOW HITPOINT WARNING * * *
The gnoll hits you with a +0 halberd!
* * * LOW HITPOINT WARNING * * *
The gnoll hits you but does no damage.
You barely miss the gnoll. You headbutt the gnoll.
You kill the gnoll!
You barely miss the gnoll. The gnoll barely misses you.
You have reached level 4!
You feel stronger.
You barely miss the gnoll. Your headbutt misses the gnoll.
The gnoll is heavily wounded.
The gnoll hits you with a +0 spear.
You die...

.. .# .# .. ... .. .# #...
.#.##.... ... .....
####.##..###
#.###........... .
......#.g).....#.. .#.
#.))@....###.. ...
##.#....####... ...
######$......# .....
...####.....?.....##......
#....#.............#......
#.........................
#.#.#..........†..........
#............†..........
#...#.....................


You could see a gnoll.

Vanquished Creatures
  3 gnolls (D:2)
  2 dart slugs
  4 ball pythons (D:1)
  2 endoplasms (D:1)
  3 giant cockroaches
  2 goblins (D:1)
  7 hobgoblins
  3 jackals (D:1)
  2 quokkas (D:1)
  3 bats
  4 rats (D:1)
35 creatures vanquished.

Vanquished Creatures (others)
  14 plants (D:1)
14 creatures vanquished.

Grand Total: 49 creatures vanquished

Notes
Turn   | Place    | Note
-------+----------+-------------------------------------------
     0 | D:1      | Icepheonix32 the Minotaur Fighter began the quest for the
                  | Orb.
     0 | D:1      | Reached XP level 1. HP: 19/19 MP: 0/0
   186 | D:1      | Reached XP level 2. HP: 22/27 MP: 1/1
   552 | D:1      | Found a faded altar of an unknown god.
   663 | D:1      | Reached XP level 3. HP: 33/33 MP: 2/2
  1146 | D:2      | Reached XP level 4. HP: 3/41 MP: 3/3
  1146 | D:2      | Slain by a gnoll

Illustrated notes

Levels and vault maps discovered:
D:1:      kennysheep_arrival_forest, layout_basic,
          dilly_ecumenical_altar_fadedgnrine, due_unseen_surprise
D:2:      layout_rooms, grunt_ministairs_4

Skill      XL: |  1  2  3 |
---------------+----------+-----
Fighting       | 4 |  4.5
Shields        | 4 |  4.1
Armour         | 4 |  4.3
Axes           | 3 |  3.2
Dodging        | |  0.2

Action                   |  1- 3 |  4- 6 || total
-------------------------+-------+-------++-------
Melee: War axe           |    68 |     1 ||    69
       Headbutt          |     7 |       ||     7
Armor: Scale mail        |    35 |       ||    35
Dodge: Dodged            |    35 |       ||    35
Block: Buckler           |    15 |       ||    15
